[Event "Stare Mesto Open-A 2022"]
[Site "Stare Mesto"]
[Date "2022.08.14"]
[Round "3.5"]
[White "Prazak, Daniel"]
[Black "Sramek, Vojtech"]
[Result "0-1"]
[ECO "B50"]
[WhiteElo "2113"]
[BlackElo "2249"]
[Annotator "TA"]
[PlyCount "100"]
[EventDate "2022.08.12"]
[EventType "swiss"]
[EventCountry "CZE"]
[SourceTitle "playchess.com"]
[Source "ChessBase"]
[SourceQuality "1"]
[TimeControl "40/5400+30:1800+30"]

1. e4 c5 2. Nf3 d6 3. c4 Nc6 4. d4 cxd4 5. Nxd4 g6 6. Nc3 Bg7 7. Be3 Nf6 8. Be2 O-O 9. O-O Bd7 10. h3 Nxd4 11. Bxd4 Bc6 12. Qc2 {[%emt 0:02:39] B38: Sicilian: Maroczy Bind with 5...Bg7 and 7...0-0.} a5 13. Rad1 a4 14. c5 {[%emt 0:07:29] [#] White is slightly better.} Re8 $146 ({Predecessor:} 14... Qa5 15. cxd6 exd6 16. a3 Rfe8 17. Bf3 Rac8 18. Qd2 Qa8 19. Qf4 Re6 20. Nd5 Nd7 {½-½ (42) Anton Guijarro,D (2673)-Iturrizaga Bonelli,E (2607) chess24.com INT 2021}) 15. cxd6 exd6 16. Bf3 Rc8 17. Rfe1 (17. Nxa4 Bxe4 18. Qd2 Bxf3 19. gxf3 Nh5 20. Bxg7 Nxg7 $15) 17... b5 18. a3 Qc7 19. Bxf6 Bxf6 20. Bg4 Bxc3 21. Qxc3 Bd7 22. Qxc7 Rxc7 23. Bxd7 ({Of course not} 23. Rxd6 Bxg4 24. hxg4 Rc2 $11) 23... Rxd7 $11 {[%emt 0:00:06][%mdl 4096] Endgame KRR-KRR} 24. Rd5 Re5 25. Red1 Rb7 26. f3 Rxd5 27. Rxd5 {[%emt 0:00:07] KR-KR} Rb6 $1 28. Rd4 Kf8 29. Rb4 Ke7 30. b3 axb3 31. a4 d5 $1 32. exd5 Kd6 {[%emt 0:00:11][%cal Ob5a4] [#] White must now prevent ...bxa4!} 33. a5 {[%emt 0:01:32] White is on the road to losing.} (33. axb5 $11 Kc5 34. Rxb3) 33... Rb8 $19 34. Kf2 Kxd5 35. Ke2 Kc5 36. Rxb3 b4 {[%emt 0:01:17] [#] Prevents Rc3+. Strongly threatening ...Kc4.} 37. Kd2 $2 (37. Kd1 {keeps fighting.}) 37... Ra8 38. Re3 Rxa5 39. Re5+ Kb6 40. Re7 Ra7 41. Re4 Kb5 42. Kc2 Ka4 {[%emt 0:04:48] And now ...Ka3 would win.} 43. g4 $2 (43. Re1 Rc7+ 44. Kb2) 43... Ka3 44. Kb1 Rd7 45. Re1 Rd3 {[%emt 0:00:00] Threatens to win with ...b3.} 46. Rf1 g5 {[%emt 0:00:00] ...b3 is the strong threat.} 47. Kc2 Rc3+ 48. Kd2 Ka2 49. f4 Rxh3 50. fxg5 b3 {[%emt 0:00:00] Weighted Error Value: White=0.71/Black=0.11 (very precise)} 0-1

[Event "Stare Mesto Open-A 2022"]
[Site "Stare Mesto"]
[Date "2022.08.14"]
[Round "3.6"]
[White "Mojzis, Jaroslav"]
[Black "Travnicek, Krystof Mikulas"]
[Result "1/2-1/2"]
[ECO "A04"]
[WhiteElo "2108"]
[BlackElo "2138"]
[Annotator "NA RC"]
[PlyCount "61"]
[EventDate "2022.08.12"]
[EventType "swiss"]
[EventCountry "CZE"]
[SourceTitle "playchess.com"]
[Source "ChessBase"]
[SourceQuality "1"]
[TimeControl "40/5400+30:1800+30"]

1. Nf3 c5 2. g3 g6 3. Bg2 Bg7 4. d4 cxd4 5. Nxd4 Nc6 6. e3 d5 7. O-O Nf6 8. c4 O-O 9. cxd5 Nxd5 10. Nxc6 bxc6 11. Qa4 Qb6 12. Na3 Ba6 13. Rd1 Rfd8 14. Bd2 Be2 15. Ba5 Qa6 16. Rd2 Rab8 17. Rxe2 Qxe2 18. Bxd8 Rxd8 19. Nc4 Nb6 20. Nxb6 axb6 21. Qxc6 Qxb2 22. Rc1 Bf6 23. h4 h5 24. Rc2 Qb4 25. Qc7 Qe1+ 26. Kh2 Rd2 27. Rxd2 Qxd2 28. Kg1 Qxa2 29. Qxb6 Kg7 30. Qb7 Qa1+ 31. Bf1 1/2-1/2

[Event "Stare Mesto Open-A 2022"]
[Site "Stare Mesto"]
[Date "2022.08.14"]
[Round "3.7"]
[White "Zpevak, Pavel"]
[Black "Horvath, Tomas"]
[Result "1/2-1/2"]
[ECO "E10"]
[WhiteElo "2351"]
[BlackElo "2094"]
[Annotator "TA"]
[PlyCount "33"]
[EventDate "2022.08.12"]
[EventType "swiss"]
[EventCountry "CZE"]
[SourceTitle "playchess.com"]
[Source "ChessBase"]
[SourceQuality "1"]
[TimeControl "40/5400+30:1800+30"]

1. d4 Nf6 2. c4 e6 3. Nf3 c5 4. e3 d5 5. Nc3 Nc6 6. a3 a6 7. Be2 Bd6 8. O-O O-O 9. dxc5 Bxc5 10. b4 Ba7 11. Qc2 dxc4 12. Bxc4 {[%emt 0:01:04] The position is equal.} b5 {[%emt 0:01:05] D40: Queen's Gambit Declined: Semi-Tarrasch with 5 e3.} 13. Bd3 Bb7 14. Bb2 Rc8 15. Rad1 {[%emt 0:01:34][%cal Od3h7] [#] Bxh7+! is the strong threat.} Qe7 16. Qb1 {[%emt 0:01:04] [#]} h6 $146 ({Predecessor:} 16... Bb8 17. Ne2 h6 18. Rd2 Rfd8 19. Rfd1 Ng4 20. Qa1 Rd5 21. e4 Rh5 22. Ng3 Bxg3 23. hxg3 e5 {1-0 (41) Yuferov,S (2395)-Amidzic,O (2370) Moscow 1991}) 17. Ne4 {[%emt 0:12:37] A rather calm draw.  Weighted Error Value: White=0.04 (flawless) /Black=0.03 (flawless)} 1/2-1/2

[Event "Stare Mesto Open-A 2022"]
[Site "Stare Mesto"]
[Date "2022.08.14"]
[Round "3.8"]
[White "Machacek, Jan"]
[Black "Szotkowski, Jakub"]
[Result "1/2-1/2"]
[ECO "B10"]
[WhiteElo "1985"]
[BlackElo "2344"]
[Annotator "TA"]
[PlyCount "92"]
[EventDate "2022.08.12"]
[EventType "swiss"]
[EventCountry "CZE"]
[SourceTitle "playchess.com"]
[Source "ChessBase"]
[SourceQuality "1"]
[TimeControl "40/5400+30:1800+30"]

1. e4 c6 2. Nc3 d5 3. Nf3 dxe4 4. Nxe4 Bf5 5. Ng3 Bg4 6. Bc4 e6 7. h3 {[%emt 0:01:52] B11: Caro-Kann: Two Knights Variation.} Bxf3 8. Qxf3 Nd7 9. Bb3 {[%emt 0:00:22] White has an edge.} Ngf6 10. d4 {[%emt 0:02:46] [#]} a5 $146 ({Predecessor:} 10... Bd6 11. O-O Qc7 12. Ne4 Nxe4 13. Qxe4 Nf6 14. Qe2 O-O 15. Bg5 Be7 16. Rfe1 h6 {0-1 (57) Scarpino,A (1775)-Vives,G (2073) Villa Martelli 2014}) 11. c3 Bd6 12. Bg5 h6 13. Be3 Qc7 14. O-O-O Nb6 15. Kb1 Nbd5 (15... a4 $5 16. Bc2 a3 $11) 16. Bc1 b5 17. Bc2 Bf4 18. Ne2 Bxc1 19. Rxc1 a4 20. a3 Nd7 21. Rce1 N7b6 22. Qd3 (22. h4 {seems wilder.} Nc4 23. Qg3 O-O-O 24. Bd3) 22... Nc4 23. Rhf1 g6 24. f4 (24. Qd1 $11 {might be stronger.}) 24... Nde3 {[%emt 0:03:42] Pair of Knights!} ({Better is} 24... Qd6 $17) 25. Rf2 $1 $11 O-O-O $36 {[%emt 0:01:13][%mdl 2048] Black has some pressure.} 26. Ng3 g5 (26... Nxc2 $11 27. Qxc2 c5) 27. Rxe3 $14 gxf4 28. Ref3 (28. Ree2 $5 fxg3 29. Rf3 $14) 28... Ne5 $1 {[%emt 0:03:02][%mdl 64] Pin} 29. Qf1 Nxf3 30. Rxf3 (30. Nh5 $1 $11 Ng5 31. Nxf4) 30... fxg3 $15 31. Rxf7 {[%emt 0:00:07] [#]} (31. c4 $1 $15) 31... Rd7 (31... Qd6 $1 $17 {Strongly threatening ...Rhf8.} 32. Bxa4 Rhf8) 32. Rxd7 (32. Rf6 $11) 32... Qxd7 $11 {[%emt 0:00:16][%mdl 4096] Endgame KQR-KQB} 33. Qf6 {[%emt 0:00:03] [#]} Re8 34. Qg6 Rf8 {[%emt 0:01:08] And now ...Rf1+ would win.} 35. Qxg3 $2 (35. Bd3 $17) 35... Rf1+ $19 36. Ka2 Qd5+ 37. b3 Rg1 $2 (37... axb3+ $19 38. Bxb3 Qf5) 38. Qg8+ $11 Kb7 39. Qf7+ Kb6 40. Qf8 $1 axb3+ 41. Kb2 Kc7 42. Qf7+ Kc8 (42... Qd7 $5 43. Qf2 Rh1 44. Bxb3 Kb7 $15) 43. Qe8+ {[%emt 0:00:00] The position is equal.} Kb7 44. Qf7+ Ka6 45. Qc7 bxc2 46. Qc8+ Ka7 {[%emt 0:00:02] Weighted Error Value: White=0.48/Black=0.31} 1/2-1/2

[Event "Stare Mesto Open-A 2022"]
[Site "Stare Mesto"]
[Date "2022.08.15"]
[Round "4.1"]
[White "Husek, Martin"]
[Black "Babula, Vlastimil"]
[Result "1/2-1/2"]
[ECO "D10"]
[WhiteElo "2132"]
[BlackElo "2571"]
[Annotator "TA"]
[PlyCount "52"]
[EventDate "2022.08.12"]
[EventType "swiss"]
[EventCountry "CZE"]
[SourceTitle "playchess.com"]
[Source "ChessBase"]
[SourceQuality "1"]
[TimeControl "40/5400+30:1800+30"]

1. d4 d5 2. c4 c6 3. Nc3 Nf6 4. cxd5 cxd5 5. Bf4 Nc6 6. e3 a6 7. Bd3 Bg4 8. Nge2 e6 9. O-O Be7 10. Bg3 {[%emt 0:11:07] D10: Slav Defence: 3 cxd5 (without early Nf3) and 3 Nc3.} Bh5 11. f3 Bg6 {[%emt 0:03:00] [#]} 12. Bxg6 $146 ({Predecessor:} 12. Nf4 O-O 13. Nxg6 hxg6 14. Rc1 Rc8 15. Qe2 Nd7 16. Bf2 Nb6 17. Rcd1 Nb4 18. Bb1 {1-0 (60) Laznicka,V (2662)-Maghsoodloo,P (2649) Batumi 2018}) 12... hxg6 13. e4 dxe4 14. fxe4 Ng4 15. Qd2 {[%emt 0:07:34] Inhibits Ne3.} e5 {[%emt 0:05:19] [#] Hoping for ...Bg5.} 16. Nd5 Nxd4 17. Nxd4 Bc5 18. Bxe5 Nxe5 19. Rac1 Rc8 {[%emt 0:18:37] [#] aiming for ...Bxd4+.} 20. h3 Ba7 {[%emt 0:11:21] Threatens to win with ...Nc6.} 21. Kh1 {Strongly threatening Qb4.} Qd7 {[%emt 0:00:02] The position is equal.} 22. Rxc8+ Qxc8 23. Rc1 ({Wrong is} 23. Qb4 $2 Nc6 24. Nf5 gxf5 $19) 23... Qd7 24. Rc7 Rxh3+ $1 25. gxh3 Qxh3+ 26. Qh2 Qf1+ {Weighted Error Value: White=0.07 (flawless) /Black=0.08 (flawless)} 1/2-1/2

[Event "Stare Mesto Open-A 2022"]
[Site "Stare Mesto"]
[Date "2022.08.15"]
[Round "4.2"]
[White "Sramek, Vojtech"]
[Black "Haba, Petr"]
[Result "1/2-1/2"]
[ECO "B14"]
[WhiteElo "2249"]
[BlackElo "2453"]
[Annotator "TA"]
[PlyCount "100"]
[EventDate "2022.08.12"]
[EventType "swiss"]
[EventCountry "CZE"]
[SourceTitle "playchess.com"]
[Source "ChessBase"]
[SourceQuality "1"]
[TimeControl "40/5400+30:1800+30"]

1. e4 c6 2. d4 d5 3. exd5 cxd5 4. c4 Nf6 5. Nc3 g6 6. cxd5 Nxd5 7. Qb3 {[%emt 0:01:24] B14: Caro-Kann: Panov-Botvinnik Attack with 5...e6 and 5...g6.} Nb6 8. Be3 {[%emt 0:01:07] 8.Nf3 is becoming the main line.} Bg7 9. Rd1 {[%emt 0:01:07] The position is equal.} O-O 10. Nf3 N8d7 11. Be2 Nf6 12. d5 {[%emt 0:01:39] Inhibits Be6.} Ne8 13. O-O Bg4 14. h3 Bxf3 15. Bxf3 Nd6 16. Rfe1 Re8 {[%emt 0:00:25] [#]} 17. Be2 $146 ({Predecessor:} 17. Bg4 Bf6 18. Bf4 Nbc4 19. Ne4 Nxe4 20. Rxe4 Nd6 21. Re2 h5 22. Bf3 Qd7 23. g4 hxg4 24. Bxg4 {0-1 (57) Badelka,O (2440)-Goganov,A (2589) Cheliabinsk 2021}) 17... Nbc8 18. Rc1 Nf5 19. Bf4 Ncd6 20. Nb5 {[%emt 0:05:32] [#] And now Nc7 would win.} Nd4 21. Nxd4 Bxd4 22. Red1 Qb6 23. Qxb6 Bxb6 24. Bxd6 exd6 25. Bf3 a5 26. a4 Bc5 27. Rd2 Re3 (27... Rac8 $5 28. Kf1 Bb4 $11) 28. Kf1 Rb3 29. Bd1 Rb4 30. b3 Re8 31. Bc2 Rf4 32. g3 Rf3 33. Bd1 Rf5 34. Bg4 Rfe5 35. Re2 b6 36. Rxe5 dxe5 $15 {[%emt 0:00:06][%mdl 4096] Endgame KRB-KRB} 37. Rd1 Rd8 {[%emt 0:00:32] Black is slightly better.} 38. Be2 Kg7 39. Bc4 f5 40. h4 Kf6 41. Ke2 Ke7 42. h5 g5 43. f3 Rf8 44. Rf1 h6 45. g4 Kd6 46. Bd3 $1 fxg4 ({Much worse is} 46... Kxd5 47. Bxf5 Rb8 48. Be4+ Kd6 49. Rd1+ Bd4 50. Rc1 $11) 47. fxg4 Rxf1 48. Kxf1 Kxd5 49. Ke2 e4 50. Bc4+ Ke5 {[%emt 0:00:09] Weighted Error Value: White=0.06 (flawless) /Black=0.05 (flawless)} 1/2-1/2

[Event "Stare Mesto Open-A 2022"]
[Site "Stare Mesto"]
[Date "2022.08.15"]
[Round "4.3"]
[White "Neuman, Petr"]
[Black "Murko, David"]
[Result "1-0"]
[ECO "D71"]
[WhiteElo "2378"]
[BlackElo "2213"]
[Annotator "TA"]
[PlyCount "67"]
[EventDate "2022.08.12"]
[EventType "swiss"]
[EventCountry "CZE"]
[SourceTitle "playchess.com"]
[Source "ChessBase"]
[SourceQuality "1"]
[TimeControl "40/5400+30:1800+30"]

1. d4 Nf6 2. c4 g6 3. g3 c6 4. Bg2 d5 5. Qa4 Nbd7 6. cxd5 {[%emt 0:01:42] D71: Fianchetto Grünfeld: 3 g3 d5 sidelines and 5 cxd5 (without Nf3).} Nb6 7. Qb3 cxd5 8. Nf3 {[%emt 0:06:32][%cal Bg1f3,Bf3e5,Be5d3,Bd3c5][%mdl 32] White has an edge.} Bg7 9. O-O O-O 10. Ne5 {[%emt 0:02:36] [#]} Be6 $146 ({Predecessor:} 10... Nfd7 11. Nf3 Nb8 12. Nc3 Nc6 13. Rd1 e6 14. Bf4 Bd7 15. Rac1 Rc8 16. Nb5 Na5 {½-½ (87) Andersen,M (2605)-Pantzar,M (2357) Helsingor 2019}) 11. Rd1 Nfd7 12. Bf4 f6 13. Nd3 {[%emt 0:01:14] With the idea Rc1.} Bf7 $1 14. Nc3 e5 15. Be3 {[%emt 0:01:44] [#] Black must now prevent dxe5.} (15. Bc1 $5 ) 15... e4 16. Nc5 Nc4 17. Qxb7 Nxe3 18. fxe3 Nxc5 19. dxc5 Qc8 20. Qxc8 Rfxc8 (20... Raxc8 $14 21. b4 (21. Nxd5 Rxc5 22. Bxe4 f5 $11) 21... Rcd8) 21. Nxd5 $16 Rxc5 22. Bxe4 ({Inferior is} 22. Ne7+ Kf8 23. b4 (23. Bxe4 $2 Re8 $19) 23... Rc4 $15) 22... Rb8 23. b4 Rc4 24. Bf3 Kf8 25. a3 f5 26. Rab1 Be8 27. Nf4 Ke7 {[%emt 0:00:16] Against Ne6} 28. Rd5 (28. Rbc1 $18 Rxc1 29. Rxc1) 28... Rb5 29. Rbd1 ({Better is} 29. Rd3) 29... Bb2 $2 {[%emt 0:02:13] This costs Black the game.} (29... g5 $16 {was called for.}) 30. Rd8 {[%emt 0:04:12][%cal Bd5d8,Bd8a8,Ba8a7,Ba7h7][%mdl 32] [#] Ra8 is the strong threat.} a6 $2 (30... Rc7 31. a4 Rxb4) 31. Ra8 $18 {[%emt 0:00:31] Ra7+ would kill now.} Bxa3 (31... Rc1 $18) 32. Ra7+ {[%emt 0:00:07] White mates.} Kf6 33. Rd6+ Kg5 34. Rxh7 {[%emt 0:00:13] Weighted Error Value: White=0.09 (flawless) /Black=0.48} 1-0

[Event "Stare Mesto Open-A 2022"]
[Site "Stare Mesto"]
[Date "2022.08.15"]
[Round "4.4"]
[White "Cerveny, Martin"]
[Black "Horvath, Tomas"]
[Result "1/2-1/2"]
[ECO "A46"]
[WhiteElo "2396"]
[BlackElo "2094"]
[Annotator "TA"]
[PlyCount "109"]
[EventDate "2022.08.12"]
[EventType "swiss"]
[EventCountry "CZE"]
[SourceTitle "playchess.com"]
[Source "ChessBase"]
[SourceQuality "1"]
[TimeControl "40/5400+30:1800+30"]

1. d4 Nf6 2. Nf3 e6 3. g3 b5 4. Qd3 a6 5. e4 Bb7 6. e5 {[%emt 0:00:39] A46: 1 d4 Nf6 2 Nf3 e6: Torre, London and Colle Systems.} Nd5 7. Bg2 Be7 8. O-O {[%emt 0:03:36] White has an edge.} d6 9. a4 {[%emt 0:01:20] [#]} b4 $146 ({Predecessor:} 9... Nc6 10. Rd1 b4 11. a5 Qb8 12. Nbd2 Qa7 13. Ne4 Rd8 14. Qe2 O-O 15. h4 Rd7 {0-1 (30) Schmidt,P (2405)-Schlosser,P (2485) Kecskemet 1992}) 10. c4 bxc3 $1 11. bxc3 a5 12. Qb5+ Bc6 13. Qb3 $36 {[%emt 0:03:03][%mdl 2048] White has good play.} Nd7 14. c4 Rb8 15. Qd1 Rxb1 16. Rxb1 Nc3 17. Qc2 Nxb1 18. d5 exd5 19. e6 $16 {[%emt 0:01:22] Hoping for Nd4.} Nc5 20. exf7+ Kxf7 21. cxd5 (21. Nd4 $16 Bb7 22. Qxb1) 21... Bd7 22. Qxb1 (22. Be3 $5 ) 22... Qb8 23. Ba3 Qxb1 24. Rxb1 Nxa4 25. Rb7 Rc8 26. Ra7 Nb6 27. Rxa5 Ra8 (27... Nc4 $5 28. Ra7 Rb8 $15) 28. Rxa8 Nxa8 29. Nd2 Nb6 30. Bb4 Bc8 31. Ba5 Bb7 32. Bxb6 cxb6 $11 {[%emt 0:00:04][%mdl 4096] Endgame KBB-KBN} 33. Nc4 b5 34. Na5 Ba8 35. Kf1 Bd8 36. Nb3 Kf6 37. Ke2 g5 38. f4 gxf4 39. gxf4 Bb6 {[%emt 0:00:35] next ...Kf5 is good for Black.} 40. Be4 Bb7 41. Kd3 h6 42. Nd4 b4 {[%emt 0:03:04][%cal Bb5b4,Bb4b3][%mdl 32] ...Ba6+ is the strong threat.} 43. Nc6 (43. Nf5 $15) 43... Bg1 ({Better is} 43... Ba6+ $17 44. Kd2 Bc5) 44. h4 (44. Nxb4 $15 Bxh2 45. Ke3) 44... Bf2 (44... Bc5 $17) 45. h5 $2 (45. Nxb4 $11 Bxh4 46. Ke2) 45... Ba6+ $19 46. Kd2 b3 47. Nb4 Bc8 {[%emt 0:00:00] White must now prevent ...Bf5.} 48. Kc3 Be3 49. Nd3 Bg4 50. Bg6 {[%emt 0:00:00] [#]} Bf3 {[%emt 0:00:00] This bishop pair is nice.} (50... Bd1 $1 $19 {Strongly threatening ...Bc2.} 51. Kc4 Bf3 52. Kxb3 Bxd5+ 53. Kc2 Be6) 51. Kc4 (51. Kxb3 $17 Bxd5+ 52. Kc2) 51... Bd2 (51... Bd1 $19 {and Black stays clearly on top. And now ...Ke7 would win.} 52. Kc3 Bf3 53. Kxb3 Bxd5+ 54. Kb4 Bd4) 52. Kd4 $2 (52. Kxb3 $17 Bxd5+ 53. Kc2) 52... Bd1 $2 (52... Ke7 $19 {has better winning chances. Threatens to win with ...Bg4.} 53. Kc4 Kf6 54. Kxb3 Bxd5+ 55. Kc2 Be3) 53. Nf2 $17 {[%emt 0:00:00] [#] Threatening mate with Ne4+. Black is better.} Bc2 54. Ne4+ Bxe4 55. Kxe4 {[%emt 0:00:00] Weighted Error Value: White=0.28 (precise) /Black=0.27 (precise)} 1/2-1/2

[Event "Stare Mesto Open-A 2022"]
[Site "Stare Mesto"]
[Date "2022.08.15"]
[Round "4.5"]
[White "Skalsky, Alexandr"]
[Black "Vodak, Rostislav"]
[Result "1-0"]
[ECO "C00"]
[WhiteElo "2187"]
[BlackElo "2004"]
[Annotator "TA"]
[PlyCount "119"]
[EventDate "2022.08.12"]
[EventType "swiss"]
[EventCountry "CZE"]
[SourceTitle "playchess.com"]
[Source "ChessBase"]
[SourceQuality "1"]
[TimeControl "40/5400+30:1800+30"]

1. e4 e6 2. b3 d5 3. Bb2 dxe4 4. Nc3 Nf6 5. g4 h6 6. Bg2 Be7 {[%emt 0:00:00] C00: French: Unusual White 2nd moves.} 7. Nxe4 Nxe4 8. Bxe4 Bf6 {[%emt 0:00:01] The position is equal.} 9. c3 c5 10. Qe2 {[%emt 0:11:42] [#]} Qb6 $146 ({Predecessor:} 10... Qc7 11. Nf3 Bd7 12. d4 cxd4 13. Nxd4 a6 14. O-O-O Nc6 15. Nf5 Be5 16. Bxc6 Bxc6 {0-1 (63) Ivanov,A (2324)-Akvist,H (2281) Barlinek 2002}) 11. h4 Bd7 12. Rh3 Bb5 (12... Nc6 $142) 13. Qe3 $11 Bc6 14. g5 hxg5 (14... Be7 $11) 15. hxg5 $16 Rxh3 16. Nxh3 Be7 {[%emt 0:00:12] [#]} 17. g6 $1 Bxe4 18. gxf7+ ({Much worse is} 18. Qxe4 f5 19. Qf4 Qd6 $11) 18... Kxf7 19. Qxe4 Qc6 20. Qg4 {[%emt 0:18:09] aiming for c4. White is more active.} Nd7 21. c4 Bf6 {[%emt 0:04:24] [#]} 22. Qh5+ ({White should try} 22. O-O-O $1 $16) 22... Ke7 $11 23. O-O-O {[%emt 0:00:14] Threatens to win with Bxf6+.} Qe4 $1 24. Rg1 Ne5 {[%emt 0:02:57] Against f3} 25. Bxe5 {[%emt 0:12:23] Dancing on a razor blade.} Qxe5 26. Qxe5 Bxe5 {[%emt 0:00:04][%mdl 4096] Endgame KRB-KRN} 27. Re1 Bd4 28. Ng5 Bxf2 (28... Kf6 $11 29. f4 Re8) 29. Rxe6+ $14 Kd7 30. Rg6 $1 Re8 31. Rxg7+ Kc6 32. Rg6+ Kd7 33. Nf3 Re4 34. Rg5 Kc7 35. Rd5 b6 36. Kc2 Rf4 37. Ng5 {[%emt 0:00:16] And now Ne6+ would win.} Rf6 {[%emt 0:01:42] Against Ne6+} 38. Re5 Kd7 39. Rd5+ Kc7 $1 40. Re5 Kd7 $1 41. Ne4 {[%emt 0:02:56] White leaves nothing to chance now.} Rf7 42. Rd5+ Kc7 43. a3 Bh4 44. b4 cxb4 45. axb4 Be7 46. Kb3 Rf3+ 47. d3 Rf1 48. Nc3 {[%emt 0:02:37] Prevents Rb1+.} a6 {[%emt 0:02:18] Against Nb5+} (48... Bf6 $16 49. Rh5 Kb8) 49. Rh5 $18 Rf7 (49... Bf8 {was called for.} 50. Rh7+ Kc6) 50. Rh6 Kb7 51. Nd5 Bd8 52. c5 b5 (52... bxc5 $142 53. bxc5 Ba5 54. c6+ Ka7) 53. Rd6 Bc7 54. Re6 Ka7 (54... Bg3 $142 55. d4 Rh7 56. c6+ Ka8 57. Re8+ Ka7) 55. Nxc7 Rxc7 56. d4 Rh7 57. d5 {[%emt 0:00:39] White threatens d6 and mate.} Rh3+ 58. Kc2 Rh5 59. d6 Rd5 60. c6 {[%emt 0:03:14] Weighted Error Value: White=0.20 (precise) /Black=0.44} 1-0

[Event "Stare Mesto Open-A 2022"]
[Site "Stare Mesto"]
[Date "2022.08.15"]
[Round "4.6"]
[White "Jasso, Matej"]
[Black "Kostka, Vit"]
[Result "0-1"]
[ECO "B40"]
[WhiteElo "1873"]
[BlackElo "2168"]
[Annotator "NA RC"]
[PlyCount "54"]
[EventDate "2022.08.12"]
[EventType "swiss"]
[EventCountry "CZE"]
[SourceTitle "playchess.com"]
[Source "ChessBase"]
[SourceQuality "1"]
[TimeControl "40/5400+30:1800+30"]

1. e4 c5 2. Nf3 e6 3. d4 cxd4 4. Nxd4 Nf6 5. Bd3 Nc6 6. Nxc6 bxc6 7. O-O d5 8. Nc3 Be7 9. Re1 O-O 10. Qf3 d4 11. e5 dxc3 12. exf6 Bxf6 13. bxc3 Qa5 14. Bd2 Ba6 15. Qxc6 Bxd3 16. cxd3 Rac8 17. Qb7 Bxc3 18. Bxc3 Rxc3 19. Red1 g6 20. Qb2 Rd8 21. d4 Rc4 22. Rd3 Qa4 23. Rad1 Rc2 24. Ra3 Qc4 25. Qb1 Qe2 26. Rf1 Rb2 27. Re3 Qxf2+ 0-1

[Event "Stare Mesto Open-A 2022"]
[Site "Stare Mesto"]
[Date "2022.08.15"]
[Round "4.7"]
[White "Travnicek, Krystof Mikulas"]
[Black "Vrtal, Jaroslav"]
[Result "1/2-1/2"]
[ECO "E91"]
[WhiteElo "2138"]
[BlackElo "2000"]
[Annotator "NA RC"]
[PlyCount "50"]
[EventDate "2022.08.12"]
[EventType "swiss"]
[EventCountry "CZE"]
[SourceTitle "playchess.com"]
[Source "ChessBase"]
[SourceQuality "1"]
[TimeControl "40/5400+30:1800+30"]

1. c4 Nf6 2. Nc3 g6 3. e4 d6 4. d4 Bg7 5. Nf3 O-O 6. Be2 Nbd7 7. O-O c6 8. Be3 e5 9. d5 cxd5 10. cxd5 Ng4 11. Bg5 f6 12. Bd2 Nh6 13. Qc2 a6 14. b4 Nb6 15. a4 Bg4 16. Rfc1 Rc8 17. Qa2 Nf7 18. a5 Nd7 19. Ne1 Bxe2 20. Nxe2 f5 21. Rxc8 Qxc8 22. Rc1 Qd8 23. Qc2 fxe4 24. Ng3 Nf6 25. Nxe4 Nxd5 1/2-1/2

[Event "Stare Mesto Open-A 2022"]
[Site "Stare Mesto"]
[Date "2022.08.15"]
[Round "4.8"]
[White "Babula, Matej"]
[Black "Mojzis, Jaroslav"]
[Result "0-1"]
[ECO "C54"]
[WhiteElo "1748"]
[BlackElo "2108"]
[Annotator "NA RC"]
[PlyCount "72"]
[EventDate "2022.08.12"]
[EventType "swiss"]
[EventCountry "CZE"]
[SourceTitle "playchess.com"]
[Source "ChessBase"]
[SourceQuality "1"]
[TimeControl "40/5400+30:1800+30"]

1. e4 e5 2. Nf3 Nc6 3. Bc4 Bc5 4. c3 Nf6 5. d3 O-O 6. O-O d5 7. exd5 Nxd5 8. Re1 Nb6 9. Nxe5 Nxe5 10. Rxe5 Bxf2+ 11. Kxf2 Qf6+ 12. Qf3 Qxe5 13. Bf4 $19 Qc5+ 14. Be3 Qd6 15. Bf4 Qg6 16. Bb3 Bg4 17. Qg3 c6 18. d4 Nd5 19. Bxd5 cxd5 20. Nd2 Rfe8 21. h3 Bf5 22. Qxg6 Bxg6 23. Nf3 f6 24. Re1 Rxe1 25. Kxe1 Be4 26. Kd2 Bxf3 27. gxf3 g5 28. Bg3 Re8 29. b3 b5 30. Kd3 Kf7 31. Kd2 Ke6 32. Kd3 Rc8 33. a3 Rc6 34. Kc2 h5 35. Bf2 Kf5 36. Be3 g4 0-1

[Event "Stare Mesto Open-A 2022"]
[Site "Stare Mesto"]
[Date "2022.08.16"]
[Round "5.1"]
[White "Babula, Vlastimil"]
[Black "Neuman, Petr"]
[Result "1/2-1/2"]
[ECO "B12"]
[WhiteElo "2571"]
[BlackElo "2378"]
[Annotator "TA"]
[PlyCount "67"]
[EventDate "2022.08.12"]
[EventType "swiss"]
[EventCountry "CZE"]
[SourceTitle "playchess.com"]
[Source "ChessBase"]
[SourceQuality "1"]
[TimeControl "40/5400+30:1800+30"]

1. e4 c6 2. d4 d5 3. e5 Bf5 4. h4 Qc7 5. g4 Bd7 6. Nc3 {[%emt 0:00:49] B12: Caro-Kann: Advance Variation.} h5 7. gxh5 e6 8. f4 {[%emt 0:07:19] [#] White has an edge.} c5 $146 ({Predecessor:} 8... Nh6 9. Bh3 Nf5 10. Bxf5 exf5 11. Be3 Be7 12. Qf3 Be6 13. O-O-O Nd7 14. Nh3 O-O-O {1-0 (48) Babiy,O (2258)-Rakhmangulova,A (2215) Lutsk 2019}) 9. Nf3 Nh6 10. Bh3 Nc6 11. Be3 Qb6 12. Qd2 cxd4 13. Nxd4 Nxd4 ({Black should try} 13... Qxb2 $14 14. Rb1 Nxd4 15. Qxd4 (15. Rxb2 Nf3+ 16. Ke2 Nxd2 $11) (15. Bxd4 Qa3 $11) 15... Qxc2) 14. Bxd4 $16 Qa5 15. Rg1 (15. O-O-O $142) 15... O-O-O 16. Ne4 {[%emt 0:06:00] White is more active.} Qxd2+ 17. Nxd2 b6 18. Nf3 Nf5 19. Bxf5 exf5 20. Rg5 Rh7 21. O-O-O Be7 22. Rg2 $36 {[%emt 0:00:16][%mdl 2048] White has the initiative.} Be6 (22... Rg8 $1 $11 {remains equal.}) 23. Ng5 Rxh5 24. Nxe6 fxe6 25. Rxg7 Rd7 26. Bf2 Bxh4 {[%emt 0:01:42] [#]} (26... Bd8 $16 27. Rxd7 Kxd7) 27. Rxd7 $1 $18 Kxd7 28. Rh1 Bxf2 29. Rxh5 {[%emt 0:00:03] KR-KB} Be3+ 30. Kd1 {[%emt 0:01:44] And now Rh7+ would win.} Bxf4 31. Rh7+ Kd8 32. Rh8+ Kd7 33. Rh7+ Kd8 $1 34. Rh8+ {[%emt 0:00:12] Weighted Error Value: White=0.12 (very precise) /Black=0.14 (very precise)} (34. Rxa7 $16 Bxe5 35. b4) 1/2-1/2